 Dungeon Crawl Stone Soup version 0.29.0-11-gd7f09526c8 (webtiles) character file.

Game seed: 7745081448092276213

618 LustLizard the Ruffian (level 7, -1/70 HPs)
             Began as a Troll Fighter on Sept 5, 2022.
             Killed by divine providence
             ... invoked by an orc priest
              (10 damage)
             ... on level 4 of the Dungeon.
             The game lasted 00:07:27 (3031 turns).

LustLizard the Ruffian (Troll Fighter)              Turns: 3031, Time: 00:07:27

Health: -1/70      AC: 15    Str: 25    XL:     7   Next: 21%
Magic:  6/6        EV:  0    Int:  6    God:
Gold:   77         SH:  8    Dex:  9    Spells: 6/6 levels left

rFire   + . .      SeeInvis .     - Unarmed
rCold   + + .      Faith    .   b - +0 kite shield
rNeg    . . .      Spirit   .   c - +0 gold dragon scales
rPois   +          Reflect  .   A - +0 hat
rElec   .          Harm     .   E - +0 cloak
rCorr   .          Rampage  .   (gloves unavailable)
Will    +....                   (boots unavailable)
Stlth   ..........              (no amulet)
HPRegen 1.01/turn               e - ring of protection from cold
MPRegen 0.10/turn               B - ring of willpower

@: no status effects
A: large, unfitting armour, claws 3, regeneration 1, shaggy fur 1, tough skin 1
a: no special abilities


You were on level 4 of the Dungeon.
You visited 1 branch of the dungeon, and saw 4 of its levels.

You collected 173 gold pieces.
You spent 96 gold pieces at shops.

Inventory:

Missiles
 i - 3 poisoned darts
 k - 11 stones
 C - 6 datura-tipped darts (quivered)
 F - 2 boomerangs
Armour
 a - a +0 robe
 b - a +0 kite shield (worn)
 c - +0 gold dragon scales (worn)
 A - a +0 hat (worn)
 E - a +0 cloak (worn)
Jewellery
 e - a ring of protection from cold (left claw)
 h - a ring of fire
 p - a ring of fire
 B - a ring of willpower (right claw)
Scrolls
 d - 2 scrolls of noise
 g - a scroll of magic mapping {unknown}
 j - 2 scrolls of immolation {unknown}
 o - 2 scrolls of brand weapon {unknown}
 r - a scroll of silence {unknown}
 t - 3 scrolls of amnesia {unknown}
 u - a scroll of enchant weapon {unknown}
 v - 2 scrolls of fog {unknown}
 w - 2 scrolls of teleportation {unknown}
 y - 3 scrolls of identify {unknown}
Potions
 f - a potion of brilliance {unknown}
 l - 3 potions of mutation {unknown}
 m - 4 potions of flight {unknown}
 n - a potion of ambrosia {unknown}
 q - 3 potions of curing {unknown}
 s - a potion of lignification {unknown}
 x - a potion of invisibility {unknown}
 z - a potion of haste {unknown}
 D - a potion of berserk rage {unknown}
 G - a potion of attraction {unknown}


   Skills:
 + Level 4.0 Fighting
 - Level 2.4 Dodging
 + Level 4.3 Shields
 * Level 5.9 Unarmed Combat


You had 6 spell levels left.
You didn't know any spells.
Your spell library contained the following spells:

 Spells                   Type           Power      Damage    Failure   Level
 Gell's Gravitas          Tloc           0%         N/A       100%        3
 Teleport Other           Tloc           0%         N/A       100%        3
 Dispersal                Tloc           0%         N/A       100%        6


Dungeon Overview and Level Annotations

Branches:
Dungeon (4/15)
 Temple: D:4-7

Altars:
Kikubaaqudgha
Xom

Shops:
D:2 *:[(*   D:3 *


Innate Abilities, Weirdness & Mutations

You are too large for most types of armour.
You have claws for hands.
Your natural rate of healing is unusually fast.
You are covered in fur. (AC +1)
You have tough skin. (AC +1)


Message History

The orc warrior hits you with a +0 war axe!
* * * LOW HITPOINT WARNING * * *
The orc warrior attacks as you move away!
The orc warrior hits you but does no damage.
The orc warrior attacks as you move away!
The orc warrior hits you but does no damage.
Okay, then.
As you read the scroll labelled DUCEMY RUFIS, it crumbles to dust.
You hear a loud clanging noise!
It was a scroll of noise.
You hear a bark!
You hear an angry hiss.
The orc warrior hits you with a +0 war axe.
* * * LOW HITPOINT WARNING * * *
You claw the orc warrior!
The orc warrior is almost dead.
The orc warrior hits you with a +0 war axe!
* * * LOW HITPOINT WARNING * * *
You scratch the orc warrior.
You kill the orc warrior!
Your Fighting skill increases to level 4!
You barely miss the orc priest. The orc priest hits you with a +0 club.
* * * LOW HITPOINT WARNING * * *
You closely miss the orc priest.
The orc priest hits you but does no damage.
You barely miss the orc priest.
An endoplasm comes into view.
The orc priest hits you but does no damage.
You scratch the orc priest.
The orc priest is lightly wounded.
The orc priest calls down the wrath of Beogh upon you.
You resist with some effort.
You closely miss the orc priest.
The orc priest is lightly wounded.
The orc priest hits you with a +0 club.
* * * LOW HITPOINT WARNING * * *
You closely miss the orc priest.
The orc priest is lightly wounded.
The orc priest invokes the aid of Beogh against you.
Beogh smites you!
You die...

.# #.###..... .#
#..#.#...# .# #
#.#.###.## .#.#
#...)..#.. ### ##.#.#
#.#####.## #...###....#
#.# #. #...o)..J# ##.##
##. #...###o## #...# #..
##. ##@# ####.#.# #.#
#....#..###....#.#.###.#
#.~~~.~.~.~~~~~.....~~..~
#~≈≈≈≈≈~≈≈≈≈≈~≈≈≈≈≈~≈≈≈≈≈
.≈♣♣♣≈.≈♣♣♣≈~≈♣♣♣≈.≈♣♣♣≈
. ♣≈~≈♣ ♣≈.≈♣ ♣≈.≈♣ ♣≈
♣≈~≈♣ ♣≈~≈♣♣♣≈.≈♣♣♣≈
≈≈≈~≈≈ ≈≈~≈≈≈≈≈.≈≈≈≈≈
.......~..~~~.~~...~.~


You could see an orc priest and an endoplasm.

Vanquished Creatures
  Menkaure (D:4)
  An orc warrior (D:4)
  An ice beast (D:4)
  A necrophage (D:4)
  4 iguanas (D:4)
  6 adders
  2 worms
  3 dart slugs
  3 orcs
  12 ball pythons
  7 endoplasms
  2 giant cockroaches (D:3)
  5 goblins
  11 hobgoblins
  6 jackals
  A quokka (D:4)
  7 bats
  3 frilled lizards
  7 kobolds
  4 rats
87 creatures vanquished.

Vanquished Creatures (others)
  An ogre (D:3)
  An adder (D:3)
  An orc (D:3)
  2 kobolds (D:3)
  A ball python (D:3)
  A rat (D:3)
7 creatures vanquished.

Grand Total: 94 creatures vanquished

Notes
Turn   | Place    | Note
-------+----------+-------------------------------------------
     0 | D:1      | LustLizard the Troll Fighter began the quest for the Orb.
     0 | D:1      | Reached XP level 1. HP: 22/22 MP: 0/0
   239 | D:1      | Reached XP level 2. HP: 28/29 MP: 1/1
   688 | D:2      | Found an ancient bone altar of Kikubaaqudgha.
   748 | D:2      | Found Ozacod's Assorted Antiques.
   757 | D:2      | Bought a scroll labelled FYDDAM YKHLA for 27 gold pieces
   925 | D:2      | Reached XP level 3. HP: 32/36 MP: 2/2
   943 | D:2      | Reached skill level 3 in Unarmed Combat
   976 | D:2      | Found Ziefox's Book Shop.
   994 | D:2      | Found Reynweonn's General Store.
  1155 | D:2      | Found Simaf's Antique Weapon Boutique.
  1157 | D:2      | Found Riqunuo's Armour Shoppe.
  1188 | D:2      | Reached XP level 4. HP: 38/44 MP: 3/3
  1709 | D:3      | Found Cifrayda's Assorted Antiques.
  1717 | D:3      | Bought a blue potion for 18 gold pieces
  2003 | D:3      | Noticed an ogre
  2013 | D:3      | Killed an ogre
  2016 | D:3      | Found a shimmering altar of Xom.
  2467 | D:2      | Bought a brown potion for 24 gold pieces
  2467 | D:2      | Bought a scroll labelled TIOTO BUIPRYICSOV for 27 gold
                  | pieces
  2540 | D:4      | Noticed Menkaure
  2560 | D:4      | Killed Menkaure
  2561 | D:4      | Reached skill level 4 in Unarmed Combat
  2561 | D:4      | Reached XP level 5. HP: 7/53 MP: 4/4
  2583 | D:4      | Noticed an ice beast
  2628 | D:4      | Killed an ice beast
  2629 | D:4      | Reached skill level 5 in Unarmed Combat
  2629 | D:4      | Reached XP level 6. HP: 47/61 MP: 5/5
  2991 | D:4      | Reached XP level 7. HP: 67/68 MP: 6/6
  3024 | D:4      | HP: 3/68 [orc warrior/+0 war axe (8)]
  3031 | D:4      | Killed from afar by an orc priest

Illustrated notes

Levels and vault maps discovered:
D:1:      dpeg_arrival_boxes_within_box, layout_loops_ring,
          dreamdust_princess_corridor
D:2:      kennysheep_six_static_rooms, layout_loops_corners, serial_shops,
          nicolae_shop_statue_plus, shop, shop, shop,
          nicolae_shop_advertising_works [nicolae_subvault_shop_adworks],
          basic_altar
D:3:      layout_loops_corners, xom_confusion_cloud, serial_shops,
          nicolae_shop_overgrown_old_shop
D:4:      layout_loops_ring, gammafunk_ghost_cemetery, kennysheep_boxes,
          uniq_menkaure

Skill      XL: |  1  2  3  4  5  6  7 |
---------------+----------------------+-----
Shields        | 3 4 |  4.3
Unarmed Combat | 3 4 5 |  5.9
Fighting       | 3 4 |  4.0
Dodging        | |  2.4

Action                   |  1- 3 |  4- 6 |  7- 9 || total
-------------------------+-------+-------+-------++-------
Melee: Unarmed           |    92 |   175 |    18 ||   285
Throw: Dart              |       |     4 |       ||     4
  Use: Potion            |       |     1 |       ||     1
       Scroll            |       |       |     1 ||     1
 Stab: Sleeping          |     2 |     3 |       ||     5
Armor: Robe              |    22 |    57 |       ||    79
       Gold dragon scale |       |    16 |     7 ||    23
Dodge: Dodged            |    18 |    42 |       ||    60
Block: Kite shield       |    31 |    62 |     4 ||    97
